 Dungeon Crawl Stone Soup version 0.27-a0-385-g3208abaabc (webtiles) character file.

Game seed: 5425452248320580913

224 wampuh the Magician (level 5, -7/35 HPs)
             Began as a Demonspawn Hedge Wizard on Feb 19, 2021.
             Was a Follower of Fedhas.
             Killed from afar by an orc wizard (15 damage)
             ... with a puff of flame
             ... on level 4 of the Dungeon.
             The game lasted 00:07:43 (4150 turns).

wampuh the Magician (Demonspawn Hedge Wizard)       Turns: 4150, Time: 00:07:44

Health: -7/35      AC:  3    Str: 10    XL:     5   Next: 67%
Magic:  1/11       EV: 12    Int: 17    God:    Fedhas [*.....]
Gold:   100        SH:  0    Dex: 12    Spells: 10/13 levels left

rFire    . . .     SeeInvis .   a - +0 dagger
rCold    . . .     Faith    .   (no shield)
rNeg     . . .     Spirit   .   b - +0 robe
rPois    .         Reflect  .   s - +0 helmet
rElec    .         Harm     .   (no cloak)
rCorr    .         Rampage  .   (no gloves)
Will     .....                  (no boots)
Stlth    ++........             (no amulet)
HPRegen  0.11/turn              (no ring)
MPRegen  0.12/turn              (no ring)

@: no status effects
A: hooves 1, demonic guardian 2
a: Renounce Religion


You were on level 4 of the Dungeon.
You worshipped Fedhas.
Fedhas was aware of your devotion.
You visited 1 branch of the dungeon, and saw 4 of its levels.

You collected 100 gold pieces.

Inventory:

Hand Weapons
 a - a +0 dagger (weapon)
Armour
 b - a +0 robe (worn)
 c - a +0 hat
 s - a +0 helmet (worn)
Jewellery
 h - a ring of fire
Scrolls
 d - a scroll of magic mapping {unknown}
 g - a scroll of enchant armour {unknown}
 k - a scroll of amnesia {unknown}
 l - a scroll of immolation {unknown}
 m - 2 scrolls of identify {unknown}
 r - a scroll of teleportation {unknown}
Potions
 e - 3 potions of degeneration {unknown}
 f - a potion of magic {unknown}
 i - a potion of resistance {unknown}
 j - 3 potions of curing {unknown}
 n - a potion of attraction {unknown}
 o - 2 potions of haste {unknown}
 p - 3 potions of might {unknown}
 q - a potion of invisibility {unknown}
 t - a potion of flight {unknown}
 u - a potion of lignification {unknown}


   Skills:
 - Level 1.7 Dodging
 - Level 1.7 Stealth
 + Level 4.6 Spellcasting
 * Level 3.9 Conjurations
 - Level 1.0 Summonings
 + Level 1.3 Translocations


You had 10 spell levels left.
You knew the following spells:

 Your Spells              Type           Power        Failure   Level
a - Magic Dart            Conj           68%          3%          1
b - Blink                 Tloc           N/A          13%         2

Your spell library contained the following spells:

 Spells                   Type           Power        Failure   Level
 Call Imp                 Summ           7%           14%         2
 Conjure Flame            Conj/Fire      10%          21%         3
 Slow                     Hex            3%           22%         2
 Mephitic Cloud           Conj/Pois/Air  8%           26%         3


Dungeon Overview and Level Annotations

Branches:
Dungeon (4/15)
 Temple: D:4-7

Altars:
Fedhas
Hepliaklqana
Okawaru


Innate Abilities, Weirdness & Mutations

You have large cloven feet.
A demonic guardian rushes to your aid.


Message History

The orc throws a stone.
The stone hits you but does no damage. Something hits you but does no damage.
You hear some strange, mumbled words.
Something tries to affect you, but you resist.
Casting: Magic Dart (safe; 3% risk of failure)
Confirm with . or Enter, or press ? or * to list all spells.
You can't see any susceptible monsters within range! (Use Z to cast anyway.) Unknown command.
A magic dart appears from out of thin air!
The magic dart hits you.
Casting: Magic Dart (safe; 3% risk of failure)
Confirm with . or Enter, or press ? or * to list all spells.
Aiming: Magic Dart (safe; 3% risk of failure)
Press: ? - help, Shift-Dir - straight line, f/p - orc
Aim: an orc, wielding a +0 mace and quivering stones (severely wounded, 0% to evade)
The magic dart hits something.
You hear some strange, mumbled words.
Something tries to affect you, but you resist.
Casting: Magic Dart (safe; 3% risk of failure)
Confirm with . or Enter, or press ? or * to list all spells.
You don't have enough magic to cast this spell.
The orc throws a stone.
The stone misses you.
Casting: Magic Dart (safe; 3% risk of failure)
Confirm with . or Enter, or press ? or * to list all spells.
Aiming: Magic Dart (safe; 3% risk of failure)
Press: ? - help, Shift-Dir - straight line, f/p - orc
Aim: an orc, wielding a +0 mace and quivering stones (severely wounded, 0% to evade)
You miscast Magic Dart.
You are very lightly contaminated with residual magic.
Nothing appears to happen.
Something hits you.
The orc throws a stone.
The stone hits you but does no damage.
A magic dart appears from out of thin air!
The magic dart hits you!
* * * LOW HITPOINT WARNING * * *
The orc throws a stone.
The stone hits you but does no damage.
Your magical contamination has completely faded away.
A puff of flame appears from out of thin air!
The puff of flame hits you!
You die...
Fedhas appreciates your contribution to the ecosystem.

####### ##.....##########
##..###...........
#.....#.........#
#############@###.#.........#
#....ooo..{...# #...........##
#.########....###.##..........
#.# #.##.....##.##...#### #o#
#.###...^...##...#### #o# #.#
####.######...... #o# #.#
#.##.....##### ##.## #>#
#.##.###.# ##...## #.#
##.##.###.#


You could see 2 orcs.

Vanquished Creatures
  A hound (D:4)
  A worker ant (D:4)
  Robin (D:3)
  4 adders
  An ooze (D:2)
  A worm (D:2)
  3 dart slugs (D:1)
  2 leopard geckos
  2 orcs
  2 ball pythons
  6 bats
  7 giant cockroaches
  21 goblins
  4 hobgoblins
  6 jackals
  9 kobolds
  3 quokkas
  A frilled lizard (D:2)
  A quokka skeleton (D:4)
  7 rats
83 creatures vanquished.

Vanquished Creatures (collateral kills)
  An adder (D:3)
  A white imp (D:4)
  A worm (D:2)
  A dart slug (D:3)
  A kobold (D:3)
5 creatures vanquished.

Vanquished Creatures (others)
  A plant (D:1)
1 creature vanquished.

Grand Total: 89 creatures vanquished

Notes
Turn   | Place    | Note
-------+----------+-------------------------------------------
     0 | D:1      | wampuh the Demonspawn Hedge Wizard began the quest for the
                  | Orb.
     0 | D:1      | Reached XP level 1. HP: 13/13 MP: 4/4
   212 | D:1      | Gained mutation: A weak demonic guardian rushes to your
                  | aid. [demonic ancestry]
   212 | D:1      | Reached XP level 2. HP: 12/19 MP: 0/6
   948 | D:1      | Gained mutation: You have large cloven feet. [demonic
                  | ancestry]
   948 | D:1      | Reached XP level 3. HP: 21/24 MP: 1/8
  1799 | D:2      | Found an iron altar of Okawaru.
  1990 | D:2      | Found a hazy altar of Hepliaklqana.
  2036 | D:2      | Reached skill level 4 in Spellcasting
  2036 | D:2      | Reached XP level 4. HP: 30/30 MP: 3/10
  2491 | D:2      | Found an iron altar of Okawaru.
  2491 | D:2      | Found a blossoming altar of Fedhas.
  2502 | D:2      | Became a worshipper of Fedhas Madash
  3376 | D:3      | Found a faded altar of an unknown god.
  3430 | D:3      | Noticed Robin
  3474 | D:3      | Reached * piety under Fedhas
  3564 | D:3      | Gained mutation: A demonic guardian rushes to your aid.
                  | [demonic ancestry]
  3564 | D:3      | Reached XP level 5. HP: 35/35 MP: 9/11
  3570 | D:3      | Killed Robin
  3741 | D:3      | Learned a level 2 spell: Blink
  3923 | D:4      | Reached skill level 1 in Translocations
  4150 | D:4      | Killed from afar by an orc wizard

Illustrated notes

Levels and vault maps discovered:
D:1:      dpeg_arrival_tiny_g, layout_basic, serial_bayou_pond_b
D:2:      layout_rooms, chequers_temple_overflow_statue_of_worship,
          lemuel_round_altar, serial_bayou_pond_c, okawaru_trees_2
D:3:      layout_rooms, chequers_ecumenical_altar_simple, uniq_robin
D:4:      kennysheep_six_static_rooms, layout_loops_ring, temple_fountains,
          gammafunk_ghost_necromancy, serial_shops, shop_fountains, shop,
          kennysheep_mini_moat, shop, minmay_diced_spiral

Skill      XL: |  1  2  3  4  5 |
---------------+----------------+-----
Conjurations   | 2 3 |  3.9
Spellcasting   | 4 |  4.6
Translocations | 1 |  1.3
Dodging        | |  1.7
Stealth        | |  1.7
Summonings     | |  1.0

Action                   |  1- 3 |  4- 6 || total
-------------------------+-------+-------++-------
Melee: Dagger            |    72 |    21 ||    93
       Kick              |     6 |     2 ||     8
 Cast: Magic Dart        |    89 |   132 ||   221
Armor: Robe              |    20 |    11 ||    31
Dodge: Dodged            |    75 |    44 ||   119

Table legend: (Time is in decaauts)
 A = Elapsed time spent in this place.
 B = Non-inter-level travel time spent in this place.
 C = Inter-level travel time spent in this place.
 D = Time resting spent in this place.
 E = Time spent auto-exploring this place.
 F = Levels seen in this place.
 G = Mean time per level.
                   A        B        C        D        E       F      G
               +--------+--------+--------+--------+--------+-----+--------+
         Total |   4156 |   4103 |     53 |   1002 |   2489 |   4 | 1039.0 |
       Dungeon |   4156 |   4103 |     53 |   1002 |   2489 |   4 | 1039.0 |
               +--------+--------+--------+--------+--------+-----+--------+

Top non-repeatable levels by time:
     D:1: 1648 daAuts
     D:3: 1058 daAuts
     D:2: 1048 daAuts
     D:4: 400 daAuts
